Map: Catalyst LE

Players

InZaNe

  • Race: Terran Terran
  • Spawn Location: 11:00

Neeb - Winner!

  • Race: Protoss Protoss
  • Spawn Location: 5:00

Event: WCS Valencia 2018

VOD

Have the link to the VOD?

Description

Time

  • Played on: July 12, 2018, 9:19 a.m.
  • Length: 8:35

All games in this series

Show
View Real Time Build Order
Export as new Build Order

InZaNe Terran 

Build Orders:  

Get SALT Encoding   

  12  0:00  SCV  
  13  0:12  SCV  
  14  0:18  Supply Depot  
  14  0:24  SCV  
  15  0:42  Barracks  
  15  0:49  Barracks  
  15  0:55  Refinery  
  15  0:59  SCV  
  16  1:12  SCV  
  17  1:24  SCV  
  18  1:32  Barracks Tech Lab  
  18  1:37  Orbital Command  
  18  1:41  Marine  
  18  1:46  Supply Depot  
  19  1:51  Marauder  
  21  1:59  Marine  
  21  2:01  Concussive Shells  
  22  2:04  SCV  
  23  2:13  Marauder  
  25  2:18  Marine  
  25  2:20  SCV  
  27  2:30  Bunker  
  27  2:35  Supply Depot  
  27  2:37  Marauder  
  27  2:40  Barracks Reactor  
  29  2:53  SCV  
  29  2:59  Refinery  
  29  3:03  Bunker  
  29  3:05  SCV  
  30  3:17  SCV  
  30  3:19  Supply Depot, Engineering Bay  
  30  3:27  Factory  
  30  3:30  SCV  
  29  3:41  Marine x2  
  29  3:42  SCV  
  30  3:50  Missile Turret  
  30  3:54  SCV  
  31  3:59  Marine  
  32  4:06  SCV  
  31  4:20  Factory Tech Lab  
  31  4:21  Starport  
  30  4:28  Command Center, Marine x2  
  31  4:36  SCV  
  32  4:39  Siege Tank  
  35  4:46  Marine x2  
  37  4:54  Barracks  
  37  4:59  Viking  
  39  5:05  Marine x2  
  41  5:13  Siege Tank  
  44  5:20  Supply Depot  
  44  5:24  Marine x2  
  46  5:40  Medivac  
  48  5:42  Orbital Command  
  48  5:43  Marine x2  
  48  5:45  Barracks Tech Lab  
  50  5:52  SCV  
  51  6:01  Orbital Command  
  51  6:02  Marine x2  
  51  6:04  SCV, Siege Tank  
  56  6:05  Marine  
  58  6:13  Refinery  
  58  6:16  SCV  
  59  6:20  Marine x2  
  59  6:24  Barracks  
  61  6:27  SCV  
  61  6:29  SCV  
  61  6:31  Combat Shields, Marine  
  64  6:37  Supply Depot  
  64  6:44  Siege Tank  
  64  6:45  Marine x2  
  69  6:52  Marine  
  69  6:53  Supply Depot  
  70  6:59  Medivac  
  70  7:01  Supply Depot  
  72  7:04  Missile Turret  
  72  7:06  Marine x2  
  74  7:11  Marine  
  74  7:12  Marine  
  76  7:17  Siege Tank  
  76  7:22  Liberator  
  79  7:24  Marine  
  79  7:26  Marine  
  79  7:27  SCV  
  81  7:33  Marine x2  
  83  7:41  SCV x2  
  86  7:47  Marine x2  
  86  7:50  Supply Depot  
  86  7:51  Supply Depot  
  88  7:54  Marine x2  
  88  7:58  SCV x2  
  92  8:07  Marine  
  92  8:09  Marine  
  97  8:16  Bunker  
  97  8:17  Bunker  
Show
View Real Time Build Order
Export as new Build Order

Neeb Protoss - Winner!

Build Orders: Oracle Opening 

Get SALT Encoding   

  12  0:00  Probe  
  13  0:12  Probe  
  14  0:17  Pylon  
  14  0:22  Probe  
  15  0:31  Probe  
  16  0:36  Gateway  
  16  0:39  Probe  
  16  0:47  Assimilator  
  17  0:51  Probe  
  18  0:57  Assimilator  
  18  1:03  Probe  
  19  1:06  Pylon  
  19  1:15  Probe  
  20  1:24  Cybernetics Core  
  20  1:27  Probe  
  21  1:40  Probe  
  22  1:50  Nexus  
  22  1:53  Adept  
  22  1:57  Probe  
  25  2:09  Probe  
  25  2:12  Stargate  
  26  2:19  Adept  
  27  2:26  Pylon  
  28  2:30  Probe  
  28  2:37  Pylon  
  28  2:44  Oracle  
  31  3:05  Shield Battery  
  31  3:06  Gateway  
  31  3:10  Stalker  
  29  3:16  Gateway  
  29  3:18  Oracle  
  29  3:24  Warp Gate  
  32  3:30  Probe  
  32  3:31  Shield Battery  
  33  3:34  Stalker  
  33  3:48  Probe  
  36  3:52  Probe  
  37  3:59  Stalker  
  37  4:00  Probe  
  40  4:04  Probe  
  40  4:12  Probe  
  40  4:18  Probe  
  40  4:19  Oracle  
  42  4:24  Probe  
  42  4:30  Probe  
  46  4:36  Probe  
  47  4:42  Probe  
  48  4:48  Probe  
  49  4:53  Robotics Facility  
  49  4:54  Probe  
  50  5:00  Probe  
  50  5:02  Twilight Council  
  50  5:06  Probe  
  52  5:08  Pylon  
  52  5:09  Assimilator  
  52  5:12  Probe  
  52  5:14  Assimilator  
  53  5:19  Probe  
  54  5:26  Probe  
  55  5:30  Pylon  
  55  5:31  Probe  
  56  5:38  Probe  
  57  5:43  Charge, Probe  
  57  5:46  Nexus  
  57  5:47  Pylon  
  58  5:50  Probe  
  58  5:55  Probe  
  60  5:57  Gateway  
  60  6:02  Gateway  
  60  6:04  Probe  
  60  6:08  Forge  
  60  6:11  Gateway  
  61  6:14  Probe  
  61  6:16  Probe  
  61  6:17  Sentry  
  65  6:20  Sentry  
  65  6:23  Protoss Ground Armor Level 1  
  67  6:26  Probe  
  67  6:27  Gateway  
  68  6:32  Gateway  
  68  6:34  Probe  
  68  6:38  Pylon  
  69  6:40  Forge  
  69  6:43  Probe  
  70  6:49  Probe  
  70  6:52  Pylon  
  71  6:55  Probe  
  71  7:00  Probe  
  73  7:02  Pylon  
  73  7:03  Zealot x2  
  73  7:05  Zealot  
  73  7:08  Zealot  
  81  7:18  Templar Archives  
  81  7:19  Pylon  
  81  7:22  Probe x2  
  83  7:23  Probe  
  83  7:26  Zealot x2  
  88  7:33  Zealot  
  88  7:34  Zealot x2  
  88  7:36  Probe  
  88  7:37  Probe x2  
  94  7:44  Zealot x3  
  100  7:53  Pylon  
  100  7:55  Pylon  
  100  7:56  High Templar x2  
  100  7:57  High Templar x2  
  108  8:00  Archon  
  108  8:01  Archon  
  108  8:02  High Templar  
  108  8:03  Shield Battery  
  108  8:05  Zealot x2, High Templar  
  116  8:09  Archon  
  116  8:26  Zealot x2  
  114  8:32  Zealot x4  
Tags
 
Add a new tag
Caveats
  • Supply blocks, unpowered buildings, or Contaminate may cause inaccurate times.
  • Supply counts are checked every 10 seconds.